 Dungeon Sprint DCSS version 0.28-a0-1356-g2ad6d04315 (webtiles) character file.

Game seed: 14338603167062156088

22546 mhtbhm the Bludgeoner (level 13, -6/125 HPs)
             Began as a Human Berserker on Dec 30, 2021.
             Was the Champion of Trog.
             Succumbed to a green very ugly thing's poison
             ... while paralysed by a floating eye
             ... in the Dungeon (Sprint IX: "|||||||||||||||||||||||||||||").
             The game lasted 00:06:24 (3184 turns).

mhtbhm the Bludgeoner (Human Berserker)             Turns: 3184, Time: 00:06:25

Health: -6/125     AC: 27    Str: 25    XL:     13   Next: 28%
Magic:  13/13      EV:  2    Int:  9    God:    Trog [******]
Gold:   675        SH:  0    Dex: 12    Spells: 12/12 levels left

rFire   + + .      SeeInvis .   a - +2 dire flail (protect)
rCold   x x .      Faith    +   (shield currently unavailable)
rNeg    . . .      Spirit   .   b - +3 salamander hide armour {Flames rF++ rC--}
rPois   .          Reflect  .   k - +0 helmet
rElec   .          Harm     .   r - +1 cloak
rCorr   .          Rampage  .   A - +1 pair of gloves
Will    .....      NoTele   +   s - +1 pair of boots {Stlth+}
Stlth   ++++......              v - amulet of faith
HPRegen 0.30/turn               u - +4 ring of protection
MPRegen 0.13/turn               m - +3 ring of strength

@: paralysed, lethally poisoned (-6 -> -59), under a protective aura
A: no striking features
a: Renounce Religion, Berserk, Trog's Hand, Brothers in Arms


You were in the Dungeon.
You worshipped Trog.
Trog was exalted by your worship.
You visited 1 branch You collected 1933 gold pieces.
You spent 1258 gold pieces at shops.

Inventory:

Hand Weapons
 a - a +2 dire flail of protection (weapon)
 z - the +8 hand crossbow of Descent {elec, rPois rCorr Int+2 Stlth+}
   (You found it in the Dungeon)

   Any ammunition fired from it occasionally discharges a powerful burst of
   electricity upon striking a foe.
   Int:       It affects your intelligence (+2).
   rPois:     It protects you from poison.
   rCorr:     It protects you from acid and corrosion.
   Stlth:     It makes you more stealthy.
Missiles
 t - 3 throwing nets (quivered)
Armour
 b - the +3 salamander hide armour (worn) {Flames rF++ rC--}
   (You found it in the Dungeon)

   It surrounds you with a cloud of flames.
   It grants immunity to clouds of flame.
   It enhances your fire magic.
   rF:        It greatly protects you from fire.
   rC:        It makes you very vulnerable to cold.
 k - a +0 helmet (worn)
 r - a +1 cloak (worn)
 s - a +1 pair of boots of stealth (worn)
 A - a +1 pair of gloves (worn)
Jewellery
 l - a ring of poison resistance
 m - a +3 ring of strength (right hand)
 u - a +4 ring of protection (left hand)
 v - an amulet of faith (around neck)
 w - a ring of ice
 x - a ring of willpower
 y - a ring of see invisible
Wands
 j - a wand of acid (3)
Scrolls
 e - a scroll of magic mapping
 h - 2 scrolls of blinking
 n - 4 scrolls of identify
 o - 2 scrolls of enchant armour
 p - 6 scrolls of enchant weapon
 q - a scroll of fog
 B - a scroll of fear
Potions
 c - 8 potions of curing
 d - 10 potions of heal wounds
 f - 4 potions of magic
 g - 2 potions of berserk rage
 i - a potion of invisibility


   Skills:
 + Level 19.1 Fighting
 + Level 20.1 Maces & Flails
 + Level 12.4 Armour
 + Level 12.8 Dodging
 + Level 6.1 Stealth
 + Level 5.5 Evocations


You had 12 spell levels left.
You didn't know any spells.
Your spell library was empty.

Dungeon Overview and Level Annotations

Branches:
Dungeon (1/1)

Altars:
Cheibriados
Dithmenos
Elyvilon
Fedhas
Gozag
Hepliaklqana
Kikubaaqudgha
Makhleb
Nemelex Xobeh
Okawaru
Qazlal
Ru
Sif Muna
Trog
Uskayaw
Vehumet
Wu Jian
Xom
Yredelemnul
Zin
The Shining One
Beogh
Jiyva
Lugonu

Shops:
D =?[(


Message History

You recover from your berserk rage.
The floating eye struggles against the net.
You barely miss the green very ugly thing.
The green very ugly thing is lightly wounded.
The green very ugly thing is engulfed in blazing flames.
The green very ugly thing bites you but does no damage.
The floating eye struggles against the net.
You barely miss the green very ugly thing.
The green very ugly thing is lightly wounded.
Unknown command.
You hit the green very ugly thing but do no damage.
The green very ugly thing is lightly wounded.
The green very ugly thing is engulfed in blazing flames.
The green very ugly thing bites you.
The floating eye pulsates ominously.
The floating eye seems to glare at you.
The floating eye struggles against the net.
You hit the green very ugly thing but do no damage.
The green very ugly thing is moderately wounded.
The floating eye gazes piercingly through you!
You suddenly lose the ability to move!
The floating eye struggles against the net.
The green very ugly thing is engulfed in blazing flames.
The green very ugly thing bites you.
The floating eye struggles against the net.
The net rips apart, and the floating eye comes free!
The green very ugly thing is engulfed in blazing flames.
The green very ugly thing bites you!
You are lethally poisoned!
The green very ugly thing poisons you!
* * * LOW HITPOINT WARNING * * *
You feel extremely sick.
The green very ugly thing is engulfed in blazing flames.
The green very ugly thing bites you!
* * * LOW HITPOINT WARNING * * *
* * * LOW HITPOINT WARNING * * *
You feel extremely sick.
The green very ugly thing is engulfed in blazing flames.
The green very ugly thing bites you but does no damage.
You die...

▓)▓.▓.▓.▓.▓÷▓
▓.▓.▓.▓.▓'▓.▓)▓
▓D▓.▓)▓.▓.▓.▓)▓
▓Y▓.▓∩▓.▓.▓.▓)▓
▓T▓.▓)▓.▓(▓.▓'▓
▓i▓.▓∩▓.▓)▓.▓.▓
▓G▓.▓.▓.▓.▓.▓.▓
▓u▓.▓∩▓.▓.▓.▓.▓
▓@▓.▓.▓.▓†▓.▓[▓
▓☼▓.▓∩▓.▓)▓.▓[▓
▓.▓.▓.▓.▓†▓.▓.▓
▓.▓.▓)▓.▓†▓.▓)▓
▓(▓.▓)▓.▓.▓.▓?▓
▓)▓.▓)▓.▓.▓.▓.▓
▓.▓.▓)▓.▓'▓.▓'▓
▓.▓.▓'▓.▓.▓.▓_▓
▓.▓.▓)▓.▓.▓.▓_▓


You could see a green very ugly thing, a fire dragon, an elephant (summoned,
berserk), a spriggan berserker (regenerating, strong-willed), a deep troll earth
mage and a floating eye.

Vanquished Creatures
  A stone giant (D)
  Harold (D)
  3 hydras (D)
  Erica (D)
  3 centaur warriors (D)
  A two-headed ogre (D)
  6 orc high priests (D)
  A glowing orange brain (D)
  8 orc knights (D)
  2 cyclopes (D)
  An ugly thing (D)
  A salamander (shapeshifter) (D)
  An elephant (D)
  Joseph (D)
  2 black mambas (D)
  2 cane toads (D)
  A rime drake (D)
  2 yaktaurs (D)
  A kobold demonologist (D)
  Psyche (D)
  A polar bear (D)
  A troll (D)
  2 blink frogs (D)
  A slime creature (D)
  A basilisk (D)
  A wyvern (D)
  4 wargs (D)
  A water moccasin (D)
  2 hell hounds (D)
  11 orc warriors (D)
  A black bear (D)
  3 wolves (D)
  A kobold brigand (D)
  6 bullfrogs (D)
  A wight (D)
  A hound (D)
  4 orc priests (D)
  3 orc wizards (D)
  An adder (D)
  6 orcs (D)
  A giant cockroach (D)
  A goblin (D)
  A ball python skeleton (D)
  A bat (D)
  2 kobolds (D)
  A quokka skeleton (D)
99 creatures vanquished.

Vanquished Creatures (collateral kills)
  A cyclops (D)
1 creature vanquished.

Grand Total: 100 creatures vanquished

Notes
Turn   | Place    | Note
-------+----------+-------------------------------------------
     0 | D        | mhtbhm the Human Berserker began the quest for the Orb.
     0 | D        | Reached XP level 1. HP: 18/18 MP: 1/1
    14 | D        | Reached ** piety under Trog
   248 | D        | Noticed a hound
   248 | D        | Noticed a black bear
   252 | D        | Reached *** piety under Trog
   253 | D        | Reached XP level 2. HP: 25/25 MP: 2/2
   256 | D        | Killed a black bear
   257 | D        | Reached skill level 6 in Maces & Flails
   257 | D        | Reached XP level 3. HP: 31/34 MP: 3/3
   257 | D        | Reached XP level 4. HP: 37/40 MP: 4/4
   257 | D        | Reached XP level 5. HP: 43/46 MP: 5/5
   263 | D        | Reached skill level 7 in Maces & Flails
   379 | D        | Found a snail-covered altar of Cheibriados.
   379 | D        | Found a shadowy altar of Dithmenos.
   379 | D        | Found a white marble altar of Elyvilon.
   379 | D        | Found a blossoming altar of Fedhas.
   379 | D        | Found an opulent altar of Gozag.
   380 | D        | Found a hazy altar of Hepliaklqana.
   381 | D        | Found a viscous altar of Jiyva.
   382 | D        | Found an ancient bone altar of Kikubaaqudgha.
   383 | D        | Found a corrupted altar of Lugonu.
   384 | D        | Found a burning altar of Makhleb.
   385 | D        | Found a sparkling altar of Nemelex Xobeh.
   386 | D        | Found an iron altar of Okawaru.
   387 | D        | Found a stormy altar of Qazlal.
   388 | D        | Found a sacrificial altar of Ru.
   389 | D        | Found a shimmering blue altar of Sif Muna.
   390 | D        | Found a bloodstained altar of Trog.
   391 | D        | Found a hide-covered altar of Uskayaw.
   392 | D        | Found a radiant altar of Vehumet.
   393 | D        | Found an ornate altar of the Wu Jian Council.
   394 | D        | Found a shimmering altar of Xom.
   395 | D        | Found a basalt altar of Yredelemnul.
   396 | D        | Found a glowing silver altar of Zin.
   397 | D        | Found a glowing golden altar of the Shining One.
   444 | D        | Noticed a two-headed ogre
   444 | D        | Noticed a wyvern
   444 | D        | Noticed a kobold demonologist
   444 | D        | Noticed a troll
   444 | D        | Noticed a kobold brigand
   451 | D        | Killed a kobold brigand
   451 | D        | Reached **** piety under Trog
   452 | D        | Reached skill level 8 in Maces & Flails
   452 | D        | Reached XP level 6. HP: 56/56 MP: 6/6
   455 | D        | Killed a troll
   456 | D        | Reached skill level 9 in Maces & Flails
   456 | D        | Reached skill level 5 in Dodging
   456 | D        | Reached skill level 1 in Stealth
   456 | D        | Reached XP level 7. HP: 64/64 MP: 7/7
   460 | D        | Killed a kobold demonologist
   461 | D        | Reached skill level 10 in Maces & Flails
   461 | D        | Reached skill level 5 in Armour
   464 | D        | Reached skill level 10 in Fighting
   464 | D        | Reached skill level 11 in Maces & Flails
   464 | D        | Killed a wyvern
   465 | D        | Reached XP level 8. HP: 59/73 MP: 8/8
   513 | D        | Killed a two-headed ogre
   514 | D        | Reached skill level 12 in Maces & Flails
   514 | D        | Reached XP level 9. HP: 28/81 MP: 9/9
   777 | D        | Noticed a six-headed hydra
   777 | D        | Noticed a cyclops
   777 | D        | Noticed a cyclops
   777 | D        | Noticed a centaur warrior
   777 | D        | Noticed a centaur warrior
   777 | D        | Noticed a five-headed hydra
   783 | D        | Killed a five-headed hydra
   784 | D        | Reached skill level 13 in Maces & Flails
   784 | D        | Reached skill level 1 in Evocations
   787 | D        | Killed a centaur warrior
   787 | D        | Reached ***** piety under Trog
   788 | D        | Reached skill level 14 in Maces & Flails
   797 | D        | Killed a centaur warrior
   797 | D        | Received a gift from Trog
   798 | D        | Reached skill level 15 in Maces & Flails
   798 | D        | Reached XP level 10. HP: 83/91 MP: 10/10
   800 | D        | Killed a cyclops
   805 | D        | Killed a cyclops
   811 | D        | Killed a six-headed hydra
  1191 | D        | Found the +3 salamander hide armour {Flames rF++ rC--}
  1228 | D        | Noticed a five-headed hydra
  1228 | D        | Noticed a rime drake
  1233 | D        | Reached skill level 16 in Maces & Flails
  1235 | D        | Killed a rime drake
  1242 | D        | Killed a five-headed hydra
  1243 | D        | Reached XP level 11. HP: 99/99 MP: 11/11
  1251 | D        | Reached skill level 10 in Armour
  1253 | D        | Received a gift from Trog
  1328 | D        | Reached skill level 17 in Maces & Flails
  1328 | D        | Noticed an elephant
  1343 | D        | Killed an elephant
  1343 | D        | Received a gift from Trog
  1463 | D        | Reached skill level 15 in Fighting
  1469 | D        | Reached ****** piety under Trog
  1470 | D        | Reached skill level 10 in Dodging
  1473 | D        | Identified the +3 triple sword of the Known World {flame,
                  | *Slow rC+ Str+7} (Trog gifted it to you in the Dungeon)
  1473 | D        | Received a gift from Trog
  1558 | D        | Noticed Harold
  1569 | D        | Killed Harold
  1594 | D        | Noticed Erica
  1602 | D        | Killed Erica
  1639 | D        | Reached skill level 18 in Maces & Flails
  1640 | D        | Received a gift from Trog
  1655 | D        | Received a gift from Trog
  1750 | D        | Noticed an orc knight
  1763 | D        | Received a gift from Trog
  1764 | D        | Reached XP level 12. HP: 111/111 MP: 12/12
  1773 | D        | Reached skill level 5 in Evocations
  1865 | D        | Found Cuzilos's Antique Weapon Boutique.
  1865 | D        | Noticed an orc high priest
  1865 | D        | Noticed an orc high priest
  1866 | D        | Noticed an orc high priest
  1873 | D        | Killed an orc high priest
  1874 | D        | Found Yhyneor's Armour Shop.
  1874 | D        | Noticed an orc high priest
  1882 | D        | Noticed an orc high priest
  1886 | D        | Killed an orc high priest
  1886 | D        | Received a gift from Trog
  1887 | D        | Found Gesav's Magic Scroll Boutique.
  2341 | D        | Killed an orc high priest
  2342 | D        | Reached skill level 19 in Maces & Flails
  2387 | D        | Noticed a sun demon
  2393 | D        | Killed an orc high priest
  2401 | D        | Killed an orc high priest
  2616 | D        | Found Naleeres's Jewellery Shop.
  2621 | D        | Noticed an orc high priest
  2628 | D        | Received a gift from Trog
  2634 | D        | Killed an orc high priest
  2635 | D        | Reached skill level 5 in Stealth
  2777 | D        | Bought a scroll of identify for 26 gold pieces
  2777 | D        | Bought a scroll of magic mapping for 45 gold pieces
  2777 | D        | Bought a scroll of blinking for 97 gold pieces
  2777 | D        | Bought a scroll of identify for 26 gold pieces
  2779 | D        | Bought a +4 ring of protection for 504 gold pieces
  2779 | D        | Bought an amulet of faith for 560 gold pieces
  2820 | D        | Noticed Joseph
  2829 | D        | Killed Joseph
  2863 | D        | Noticed Psyche
  2876 | D        | Killed Psyche
  2920 | D        | Got the +8 hand crossbow of Descent {elec, rPois rCorr
                  | Int+2 Stlth+}
  3119 | D        | Noticed a centaur warrior
  3126 | D        | Received a gift from Trog
  3127 | D        | Reached XP level 13. HP: 122/122 MP: 13/13
  3132 | D        | Noticed a stone giant
  3135 | D        | Noticed a green very ugly thing
  3149 | D        | Paralysed by a floating eye for 2 turns
  3151 | D        | Killed a centaur warrior
  3154 | D        | Received a gift from Trog
  3156 | D        | Paralysed by a floating eye for 3 turns
  3162 | D        | Noticed a fire dragon
  3166 | D        | Reached skill level 20 in Maces & Flails
  3168 | D        | Paralysed by a floating eye for 4 turns
  3174 | D        | Killed a stone giant
  3180 | D        | Paralysed by a floating eye for 4 turns
  3183 | D        | HP: 5/125 [poisoned by a green very ugly thing]
  3184 | D        | Succumbed to a green very ugly thing's poison

Illustrated notes

Levels and vault maps discovered:
D:        linesprint [early_d, line_temple, items_1, d_10, items_2, lair_1,
          lair_end, items_3, orc_1, orc_end, items_4, d_15, swamp_1, shoals_1,
          snake_1, spider_1, d_20, vaults_1, items_5, swamp_end, shoals_end,
          snake_end, spider_end, vaults_end, d_27, items_6, zot_1, zot_end,
          crypt_end, forest_end, elf_end, slime_end, tomb_end, abyss_end,
          pan_hell_end]

Skill      XL: |  1  2  3  4  5  6  7  8  9 10 11 12 13 |
---------------+----------------------------------------+-----
Fighting       | 6 7 9 10 11 12 13 15 18 19 | 19.1
Maces & Flails | 6 8 9 11 12 15 16 18 19 20 | 20.1
Armour         | 3 4 5 6 8 9 11 12 | 12.4
Dodging        | 3 4 5 6 7 8 9 10 12 | 12.8
Stealth        | 1 2 3 5 6 |  6.1
Evocations     | 1 3 4 5 |  5.5

Action                   |  1- 3 |  4- 6 |  7- 9 | 10-12 | 13-15 || total
-------------------------+-------+-------+-------+-------+-------++-------
Melee: Mace              |    23 |     5 |       |       |       ||    28
       Dire flail        |       |     9 |    30 |   184 |    39 ||   262
Throw: Throwing net      |       |       |       |       |     1 ||     1
Invok: Berserk           |     1 |     1 |     2 |     7 |       ||    11
       Brothers in Arms  |       |       |       |     1 |       ||     1
Evoke: Wand              |       |       |     3 |     4 |       ||     7
  Use: Potion            |       |       |     1 |     1 |     1 ||     3
       Scroll            |       |       |       |     2 |     1 ||     3
Armor: Animal skin       |     7 |       |       |       |       ||     7
       Scale mail        |       |     1 |    11 |     2 |       ||    14
       Leather armour    |       |       |       |    37 |    21 ||    58
Dodge: Dodged            |    17 |     5 |    20 |    84 |    16 ||   142

Table legend: (Time is in decaauts)
 A = Elapsed time spent in this place.
 B = Non-inter-level travel time spent in this place.
 C = Inter-level travel time spent in this place.
 D = Time resting spent in this place.
 E = Time spent auto-exploring this place.
 F = Levels seen in this place.
 G = Mean time per level.
                   A        B        C        D        E       F      G
               +--------+--------+--------+--------+--------+-----+--------+
         Total |   3142 |   3142 |      0 |   1490 |    516 |   1 | 3142.0 |
       Dungeon |   3142 |   3142 |      0 |   1490 |    516 |   1 | 3142.0 |
               +--------+--------+--------+--------+--------+-----+--------+

Top non-repeatable levels by time:
       D: 3142 daAuts
